DBL
TORONTO BLUE JAYS @ BALTIMORE ORIOLES
06/14/1997
 
TOP OF THE 1ST
Toronto Blue Jays batting - Pitching for Baltimore Orioles : RHP Ben McDonald
Pitching: RHP Ben McDonald
Batting: RHB Derek Jeter 0-0: Ball
1-0: Fly out, F8 (Flyball, 8LS, EV 89.4 MPH)
Batting: LHB Will Clark 0-0: Ball
1-0: Ball
2-0: Ball
3-0: Foul Ball, location: 2F
3-1: Swinging Strike
3-2: Base on Balls
Batting: RHB Mark McGwire 0-0: Called Strike
0-1: Ball
1-1: Swinging Strike
1-2: Foul Ball, location: 2F
1-2: Ball
2-2: Ball
3-2: Base on Balls
Will Clark to second
Batting: RHB Jay Bell 0-0: Ball
1-0: Foul Ball, location: 2F
1-1: SINGLE (Line Drive, 78M, EV 88.1 MPH)
Will Clark to third
Mark McGwire to second
Batting: RHB Dean Palmer 0-0: Ball
1-0: Foul Ball, location: 2F
1-1: Foul Ball, location: 2F
1-2: Strikes out swinging
Batting: LHB Lance Johnson 0-0: Called Strike
0-1: Ball
1-1: DOUBLE (Flyball, 8RD, EV 100.6 MPH)
Will Clark scores
Mark McGwire scores
Jay Bell to third
Runner from 3rd tries for Home, SAFE, throw by CF to trailing runner, SAFE at third!
Batting: RHB Mike Simms 0-0: Called Strike
0-1: 2-RUN HOME RUN (Flyball, 78XD, EV 93.8 MPH), Distance : 396 ft
Batting: LHB Tony Womack 0-0: Ball
1-0: Ball
2-0: Called Strike
2-1: SINGLE (Line Drive, 9S, EV 96.3 MPH)
Batting: LHB Darrin Fletcher 0-0: Called Strike
0-1: Called Strike
Tony Womack steals 2nd base
0-2: 2-RUN HOME RUN (Flyball, 9D, EV 96.3 MPH), Distance : 380 ft
Pitching: RHP Hector Fajardo
Batting: RHB Derek Jeter 0-0: Ball
1-0: SINGLE (Flyball, 7LM, EV 99.4 MPH)
Batting: LHB Will Clark 0-0: Ball
1-0: Foul Ball, location: 2F
1-1: 2-RUN HOME RUN (Flyball, 89XD, EV 89.4 MPH), Distance : 402 ft
Batting: RHB Mark McGwire 0-0: Called Strike
0-1: Foul Ball, location: 2F
0-2: Foul Ball, location: 2F
0-2: Fly out, F7 (Flyball, 78S, EV 86.3 MPH)
Top of the 1st over - 9 runs, 7 hits, 0 errors, 0 left on base; Toronto 9 - Baltimore 0
BOTTOM OF THE 1ST
Baltimore Orioles batting - Pitching for Toronto Blue Jays : RHP Hipolito Pichardo
Pitching: RHP Hipolito Pichardo
Batting: LHB Johnny Damon 0-0: Called Strike
0-1: Called Strike
0-2: Ground out U3 (Groundball, 34S, EV 83.1 MPH)
Batting: LHB Bill Spiers 0-0: Called Strike
0-1: Ground out 6-3 (Groundball, 6, EV 106.9 MPH)
Batting: LHB Kenny Lofton 0-0: Ball
1-0: Foul Ball, location: 2F
1-1: Called Strike
1-2: Ground out 4-3 (Groundball, 4S, EV 91.9 MPH)
Bottom of the 1st over - 0 runs, 0 hits, 0 errors, 0 left on base; Toronto 9 - Baltimore 0
TOP OF THE 2ND
Toronto Blue Jays batting - Pitching for Baltimore Orioles : RHP Hector Fajardo
Batting: RHB Jay Bell 0-0: Ball
1-0: Ball
2-0: Ball
3-0: Called Strike
3-1: Called Strike
3-2: Base on Balls
Batting: RHB Dean Palmer 0-0: Called Strike
0-1: Fly out, F8 (Flyball, 8RXD, EV 105.0 MPH)
Batting: LHB Lance Johnson 0-0: Ball
1-0: Called Strike
1-1: Foul Ball, location: 2F
1-2: Ball
2-2: Strikes out swinging
Batting: RHB Mike Simms 0-0: Ball
1-0: Ball
2-0: Ball
3-0: Called Strike
3-1: Foul Ball, location: 2F
3-2: Strikes out swinging
Top of the 2nd over - 0 runs, 0 hits, 0 errors, 1 left on base; Toronto 9 - Baltimore 0
BOTTOM OF THE 2ND
Baltimore Orioles batting - Pitching for Toronto Blue Jays : RHP Hipolito Pichardo
Batting: LHB Matt Franco 0-0: Ball
1-0: Foul Ball, location: 2F
1-1: Ground out 6-3 (Groundball, 6M, EV 81.3 MPH)
Batting: RHB Kelly Gruber 0-0: Called Strike
0-1: Called Strike
0-2: Ball
1-2: Ground out 6-3 (Groundball, 6, EV 91.3 MPH)
Batting: RHB Lyle Mouton 0-0: Called Strike
0-1: Ball
1-1: Foul Ball, location: 2F
1-2: Fly out, F9 (Flyball, 9LM, EV 85.0 MPH)
Bottom of the 2nd over - 0 runs, 0 hits, 0 errors, 0 left on base; Toronto 9 - Baltimore 0
TOP OF THE 3RD
Toronto Blue Jays batting - Pitching for Baltimore Orioles : RHP Hector Fajardo
Batting: LHB Tony Womack 0-0: Ball
1-0: Called Strike
1-1: Ball
2-1: Ground out 6-3 (Groundball, 56, EV 103.1 MPH)
Batting: LHB Darrin Fletcher 0-0: SINGLE (Groundball, 6D, EV 103.1 MPH)
Batting: RHB Derek Jeter 0-0: Called Strike
0-1: Ball
1-1: Fly out, F7 (Flyball, 7S, EV 87.5 MPH)
Batting: LHB Will Clark 0-0: Ball
1-0: Called Strike
1-1: SINGLE (Line Drive, 6D, EV 98.8 MPH)
Darrin Fletcher to second
Batting: RHB Mark McGwire 0-0: Ball
1-0: Ball
2-0: SINGLE (Groundball, 6D, EV 98.1 MPH)
Darrin Fletcher to third
Will Clark to second
Runner from 3rd tries for Home, SAFE, throw by CF to home
Batting: RHB Jay Bell 0-0: Swinging Strike
0-1: Ball
1-1: Ball
2-1: Foul Ball, location: 2F
2-2: Ball
3-2: Fly out, F9 (Flyball, 89D, EV 102.5 MPH)
Top of the 3rd over - 1 run, 3 hits, 0 errors, 2 left on base; Toronto 10 - Baltimore 0
BOTTOM OF THE 3RD
Baltimore Orioles batting - Pitching for Toronto Blue Jays : RHP Hipolito Pichardo
Batting: LHB Matt Nokes 0-0: Foul Ball, location: 2F
0-1: Fly out, F7 (Flyball, 7LD, EV 105.6 MPH)
Batting: RHB Miguel Tejada 0-0: Called Strike
0-1: Ball
1-1: Ball
2-1: Ball
3-1: Base on Balls
Batting: RHB Ed Sprague Jr. 0-0: Called Strike
0-1: Swinging Strike
0-2: Ball
1-2: Ball
2-2: Fly out, F8 (Flyball, 78D, EV 86.9 MPH)
Batting: LHB Johnny Damon 0-0: Called Strike
0-1: SINGLE (Groundball, 4MD, EV 108.1 MPH)
Miguel Tejada to second
Batting: LHB Bill Spiers 0-0: Foul Ball, location: 2F
0-1: Called Strike
0-2: Strikes out swinging
Bottom of the 3rd over - 0 runs, 1 hit, 0 errors, 2 left on base; Toronto 10 - Baltimore 0
TOP OF THE 4TH
Toronto Blue Jays batting - Pitching for Baltimore Orioles : RHP Hector Fajardo
Batting: RHB Dean Palmer 0-0: Ball
1-0: Ground out 6-3 (Groundball, 6, EV 111.3 MPH)
Batting: LHB Lance Johnson 0-0: Fly out, F8 (Flyball, 78D, EV 88.1 MPH)
Batting: RHB Mike Simms 0-0: Fly out, F8 (Flyball, 8RS, EV 81.9 MPH)
Top of the 4th over - 0 runs, 0 hits, 0 errors, 0 left on base; Toronto 10 - Baltimore 0
BOTTOM OF THE 4TH
Baltimore Orioles batting - Pitching for Toronto Blue Jays : RHP Hipolito Pichardo
Batting: LHB Kenny Lofton 0-0: Ball
1-0: Called Strike
1-1: Foul Ball, location: 2F
1-2: DOUBLE (Groundball, 5L, EV 101.3 MPH)
Batting: LHB Matt Franco 0-0: Ground out 4-3 (Groundball, 4, EV 88.8 MPH)
Kenny Lofton to third
Batting: RHB Kelly Gruber 0-0: Swinging Strike
0-1: Ground out 6-3 (Groundball, 6, EV 80.0 MPH)
Kenny Lofton scores
Batting: RHB Lyle Mouton 0-0: Swinging Strike
0-1: Ball
1-1: Fly out, F8 (Flyball, 8RD, EV 105.0 MPH)
Bottom of the 4th over - 1 run, 1 hit, 0 errors, 0 left on base; Toronto 10 - Baltimore 1
TOP OF THE 5TH
Toronto Blue Jays batting - Pitching for Baltimore Orioles : RHP Hector Fajardo
Batting: LHB Tony Womack 0-0: Called Strike
0-1: Called Strike
0-2: Ball
1-2: SINGLE (Groundball, 34, EV 87.5 MPH) (infield hit)
Batting: LHB Darrin Fletcher 0-0: Foul Ball, location: 2F
0-1: SINGLE (Line Drive, 8RS, EV 91.3 MPH)
Tony Womack to second
Batting: RHB Derek Jeter 0-0: Called Strike
0-1: Ball
1-1: Ball
2-1: Foul Ball, location: 2F
2-2: Fielders Choice at 2nd, 6-4 (Groundball, 6, EV 85.6 MPH)
Tony Womack to third
Batting: LHB Will Clark 0-0: Foul Ball, location: 2F
0-1: Swinging Strike
0-2: Fly out, F7 (Flyball, 7S, EV 86.3 MPH)
Batting: RHB Mark McGwire 0-0: Foul Ball, location: 2F
0-1: Foul Ball, location: 2F
0-2: Foul Ball, location: 2F
0-2: Ball
1-2: Ball
2-2: SINGLE (Groundball, 56D, EV 103.1 MPH)
Tony Womack scores
Derek Jeter to second
Batting: RHB Jay Bell 0-0: Fly out, F8 (Flyball, 89D, EV 90.0 MPH)
Top of the 5th over - 1 run, 3 hits, 0 errors, 2 left on base; Toronto 11 - Baltimore 1
BOTTOM OF THE 5TH
Baltimore Orioles batting - Pitching for Toronto Blue Jays : RHP Hipolito Pichardo
Batting: LHB Matt Nokes 0-0: Ball
1-0: Foul Ball, location: 2F
1-1: Ball
2-1: Foul Ball, location: 2F
2-2: SOLO HOME RUN (Flyball, 78XD, EV 103.1 MPH), Distance : 380 ft
Batting: RHB Miguel Tejada 0-0: Called Strike
0-1: Ball
1-1: Swinging Strike
1-2: Strikes out swinging
Batting: RHB Ed Sprague Jr. 0-0: Ball
1-0: Ball
2-0: Called Strike
2-1: Foul Ball, location: 2F
2-2: Fly out, F8 (Line Drive, 8RD, EV 91.3 MPH)
Batting: LHB Johnny Damon 0-0: Ground out 4-3 (Groundball, 4, EV 87.5 MPH)
Bottom of the 5th over - 1 run, 1 hit, 0 errors, 0 left on base; Toronto 11 - Baltimore 2
TOP OF THE 6TH
Toronto Blue Jays batting - Pitching for Baltimore Orioles : RHP Hector Fajardo
Batting: RHB Dean Palmer 0-0: Called Strike
0-1: Foul Ball, location: 2F
0-2: Ball
1-2: Ball
2-2: Ball
3-2: Fly out, F8 (Flyball, 89S, EV 90.0 MPH)
Pitching: LHP Chuck Cary
Batting: LHB Lance Johnson 0-0: Ball
1-0: Ground out 4-3 (Groundball, 4, EV 103.1 MPH)
Batting: RHB Mike Simms 0-0: Called Strike
0-1: Ground out 6-3 (Groundball, 6, EV 83.8 MPH)
Top of the 6th over - 0 runs, 0 hits, 0 errors, 0 left on base; Toronto 11 - Baltimore 2
BOTTOM OF THE 6TH
Baltimore Orioles batting - Pitching for Toronto Blue Jays : RHP Hipolito Pichardo
Batting: LHB Bill Spiers 0-0: Ball
1-0: Swinging Strike
1-1: Foul Ball, location: 2F
1-2: Foul Ball, location: 2F
1-2: Ground out 4-3 (Groundball, 34, EV 81.9 MPH)
Batting: LHB Kenny Lofton 0-0: Ball
1-0: Ball
2-0: Called Strike
2-1: Swinging Strike
2-2: Ball
3-2: Ground out U3 (Groundball, 3, EV 96.3 MPH)
Batting: LHB Matt Franco 0-0: Called Strike
0-1: Called Strike
0-2: Strikes out looking
Bottom of the 6th over - 0 runs, 0 hits, 0 errors, 0 left on base; Toronto 11 - Baltimore 2
TOP OF THE 7TH
Toronto Blue Jays batting - Pitching for Baltimore Orioles : LHP Chuck Cary
Batting: LHB Tony Womack 0-0: Ball
1-0: Called Strike
1-1: Swinging Strike
1-2: Ground out 4-3 (Groundball, 4, EV 88.1 MPH)
Batting: LHB Darrin Fletcher 0-0: Called Strike
0-1: Ball
1-1: Swinging Strike
1-2: DOUBLE (Line Drive, 7LS, EV 105.0 MPH)
Batting: RHB Derek Jeter 0-0: Ball
1-0: Called Strike
1-1: Foul Ball, location: 2F
1-2: Fly out, F8 (Line Drive, 8LD, EV 87.5 MPH)
Batting: LHB Will Clark 0-0: Ball
1-0: Ball
2-0: Swinging Strike
2-1: Swinging Strike
2-2: Ball
3-2: Foul Ball, location: 2F
3-2: Fly out, F9 (Flyball, 89M, EV 86.9 MPH)
Top of the 7th over - 0 runs, 1 hit, 0 errors, 1 left on base; Toronto 11 - Baltimore 2
BOTTOM OF THE 7TH
Baltimore Orioles batting - Pitching for Toronto Blue Jays : RHP Hipolito Pichardo
Batting: RHB Kelly Gruber 0-0: Called Strike
0-1: Swinging Strike
0-2: Ball
1-2: Foul Ball, location: 2F
1-2: Ball
2-2: Ball
3-2: Foul Ball, location: 2F
3-2: Foul Ball, location: 2F
3-2: Foul Ball, location: 2F
3-2: Strikes out looking
Batting: RHB Lyle Mouton 0-0: Foul Ball, location: 2F
0-1: Ball
1-1: Ball
2-1: Ball
3-1: Foul Ball, location: 2F
3-2: Foul Ball, location: 2F
3-2: Base on Balls
Batting: LHB Matt Nokes 0-0: Ball
1-0: Fly out, F8 (Line Drive, 8LM, EV 97.5 MPH)
Batting: RHB Miguel Tejada 0-0: Ball
1-0: Ball
2-0: Ball
3-0: Fly out, F2 (Popup, 5SF, EV 86.9 MPH)
Bottom of the 7th over - 0 runs, 0 hits, 0 errors, 1 left on base; Toronto 11 - Baltimore 2
TOP OF THE 8TH
Toronto Blue Jays batting - Pitching for Baltimore Orioles : LHP Chuck Cary
Batting: RHB Mark McGwire 0-0: Ball
1-0: Fly out, F9 (Flyball, 9LMF, EV 94.4 MPH)
Batting: RHB Jay Bell 0-0: Foul Ball, location: 2F
0-1: Ball
1-1: Ball
2-1: Ball
3-1: Called Strike
3-2: Fly out, F8 (Flyball, 8RS, EV 89.4 MPH)
Batting: RHB Dean Palmer 0-0: SOLO HOME RUN (Flyball, 9LD, EV 104.4 MPH), Distance : 345 ft
Batting: LHB Lance Johnson 0-0: Called Strike
0-1: DOUBLE (Line Drive, 7LM, EV 101.3 MPH)
Batting: RHB Mike Simms 0-0: Ball
1-0: Foul Ball, location: 2F
1-1: Ball
2-1: Called Strike
2-2: SINGLE (Groundball, 6MD, EV 108.1 MPH)
Lance Johnson to third
Runner from 3rd tries for Home, SAFE, throw by CF to home
Mike Simms to second
Batting: LHB Tony Womack 0-0: SINGLE (Groundball, 6MD, EV 95.0 MPH)
Mike Simms to third
Runner from 3rd tries for Home, SAFE, throw by CF to home
Batting: LHB Darrin Fletcher 0-0: Called Strike
0-1: Ball
1-1: Called Strike
1-2: Ball
2-2: Foul Ball, location: 2F
2-2: Foul Ball, location: 2F
2-2: Foul Ball, location: 2F
2-2: Foul Ball, location: 2F
2-2: Foul Ball, location: 2F
2-2: Fly out, F8 (Flyball, 8LD, EV 87.5 MPH)
Top of the 8th over - 3 runs, 4 hits, 0 errors, 1 left on base; Toronto 14 - Baltimore 2
BOTTOM OF THE 8TH
Baltimore Orioles batting - Pitching for Toronto Blue Jays : RHP Hipolito Pichardo
Batting: RHB Ed Sprague Jr. 0-0: Ball
1-0: Foul Ball, location: 2F
1-1: Foul Ball, location: 2F
1-2: Foul Ball, location: 2F
1-2: Fly out, F9 (Flyball, 89S, EV 73.8 MPH)
Pinch Hitting: LHB Troy O'Leary 0-0: Foul Ball, location: 2F
0-1: Called Strike
0-2: Foul Ball, location: 2F
0-2: Foul Ball, location: 2F
0-2: Ball
1-2: Ground out 3-1 (Groundball, 34S, EV 73.8 MPH)
Batting: LHB Bill Spiers 0-0: Ball
1-0: Foul Ball, location: 2F
1-1: Ball
2-1: Ball
3-1: Fly out, F9 (Flyball, 89M, EV 89.4 MPH)
Bottom of the 8th over - 0 runs, 0 hits, 0 errors, 0 left on base; Toronto 14 - Baltimore 2
TOP OF THE 9TH
Toronto Blue Jays batting - Pitching for Baltimore Orioles : LHP Chuck Cary
Pitching: RHP Jeff Nelson
Now in LF: Troy O'Leary
Batting: RHB Derek Jeter 0-0: Ball
1-0: SINGLE (Groundball, 56D, EV 103.8 MPH)
Batting: LHB Will Clark 0-0: Fly out, F6 (Popup, 6MS, EV 67.5 MPH)
Batting: RHB Mark McGwire 0-0: Ball
1-0: Foul Ball, location: 2F
1-1: Ball
2-1: Called Strike
2-2: Strikes out swinging
Batting: RHB Jay Bell 0-0: Ball
1-0: Called Strike
1-1: Swinging Strike
1-2: Foul Ball, location: 2F
1-2: Strikes out looking
Top of the 9th over - 0 runs, 1 hit, 0 errors, 1 left on base; Toronto 14 - Baltimore 2
BOTTOM OF THE 9TH
Baltimore Orioles batting - Pitching for Toronto Blue Jays : RHP Hipolito Pichardo
Pitching: RHP Curt Brown
Batting: LHB Kenny Lofton 0-0: Ball
1-0: Ground out 4-3 (Groundball, 4D, EV 85.0 MPH)
Batting: LHB Matt Franco 0-0: Called Strike
0-1: Ball
1-1: Swinging Strike
1-2: Ball
2-2: Ground out 4-3 (Groundball, 4, EV 80.6 MPH)
Pinch Hitting: RHB Alvaro Espinoza 0-0: Ground out 6-3 (Groundball, 6, EV 84.4 MPH)
Bottom of the 9th over - 0 runs, 0 hits, 0 errors, 0 left on base; Toronto 14 - Baltimore 2
Tuesday, February 24th, 2026 - OOTP Baseball 20.8 Build 74